 Dungeon Crawl Stone Soup version 0.27-a0-1290-g15d3ce7508 (webtiles) character file.

Game seed: 5896522457609000519

529 AarnesTheHuman the Chopper (level 7, 61/61 HPs)
             Began as a Minotaur Berserker on Aug 23, 2020.
             Was a Priest of Trog.
             Quit the game on level 5 of the Dungeon on June 15, 2021.
             The game lasted 00:45:02 (5660 turns).

AarnesTheHuman the Chopper (Minotaur Berserker)     Turns: 5660, Time: 00:45:03

Health: 61/61      AC: 12    Str: 23    XL:     7   Next: 3%
Magic:  6/6        EV:  8    Int: 10    God:    Trog [***...]
Gold:   200        SH:  5    Dex: 13    Spells: 6/6 levels left

rFire    . . .     SeeInvis .   a - +1 hand axe
rCold    . . .     Faith    .   (no shield)
rNeg     + . .     Spirit   .   t - +0 plate armour
rPois    .         Reflect  +   (helmet restricted)
rElec    .         Harm     .   (no cloak)
rCorr    .         Rampage  .   (no gloves)
Will     .....                  (no boots)
Stlth    ..........             i - amulet of reflection
HPRegen  0.20/turn              r - ring of positive energy
MPRegen  0.10/turn              C - ring of Zerphi {Int+6 Dex+3}

@: no status effects
A: horns 2, retaliatory headbutt
a: Renounce Religion, Berserk, Trog's Hand


You were on level 5 of the Dungeon.
You worshipped Trog.
Trog was most pleased with you.
You visited 1 branch of the dungeon, and saw 5 of its levels.

You collected 233 gold pieces.
You spent 33 gold pieces at shops.

Inventory:

Hand Weapons
 a - a +1 hand axe (weapon)
 h - a +0 whip of pain
 n - a +0 mace of draining
Missiles
 g - 92 stones (quivered)
 s - 8 atropa-tipped darts
 v - 3 silver boomerangs
Armour
 b - a +0 animal skin
 l - a +1 chain mail
 p - a +0 leather armour
 t - a +0 plate armour (worn)
 A - a +2 leather armour of fire resistance
Jewellery
 i - an amulet of reflection (around neck)
 r - a ring of positive energy (left hand)
 C - the ring of Zerphi (right hand) {Int+6 Dex+3}
   (You found it on level 4 of the Dungeon)

   [ring of intelligence]

   It affects your intelligence (+6).
   It affects your dexterity (+3).
Wands
 y - a wand of removedness (19)
Scrolls
 c - 2 scrolls of enchant armour
 f - 3 scrolls of enchant weapon
 j - 2 scrolls of teleportation
 x - a scroll of amnesia {unknown}
 B - a scroll of removedness
 D - a scroll of blinking {unknown}
 E - a scroll of vulnerability {unknown}
Potions
 d - a potion of magic
 e - a potion of brilliance {unknown}
 k - 5 potions of curing
 m - 2 potions of ambrosia
 o - a potion of flight {unknown}
 q - 2 potions of cancellation {unknown}
 u - a potion of mutation {unknown}
 w - 2 potions of lignification {unknown}
 z - a potion of attraction {unknown}


   Skills:
 + Level 5.5 Fighting
 + Level 5.5 Axes
 + Level 2.2 Throwing
 + Level 4.8 Armour
 + Level 4.3 Dodging


You had 6 spell levels left.
You didn't know any spells.
Your spell library was empty.

Dungeon Overview and Level Annotations

Branches:
Dungeon (5/15)
 Temple: D:4-7

Altars:
Fedhas
Gozag
Okawaru

Shops:
D:2 *   D:4 *   D:5 [

Annotations:
D:1 exclusion: downstairs
D:2 1 runed translucent door, exclusion: door, Crazy Yiuf
D:3 exclusions: downstairs and oklob plant
D:4 exclusion: 2 downstairs
D:5 Edmund


Innate Abilities, Weirdness & Mutations

You have a pair of horns on your head.
You reflexively headbutt those who attack you in melee.


Message History

You feel sick. The worker ant closely misses you.
You closely miss the worker ant. You headbutt the worker ant!
The worker ant is almost dead.
The worker ant bites you but does no damage.
You hit the worker ant.
You kill the worker ant!
Trog accepts your kill.
You have reached level 7!
You start resting.
You feel sick. x4
You are no longer poisoned.
You see here a plate armour.
Found a ring mail.
Found 23 stones.
Found Aplug's Antique Armour Shoppe.
g - 92 stones (gained 23)
You enter the shallow water.
Moving in this stuff is going to be slow.
There is an entrance to Aplug's Antique Armour Shoppe here.
You can access your shopping list by pressing '$'.
You open the door.
Found a potion of curing.
Found 15 gold pieces.
There is an open door here.
k - 5 potions of curing (gained 1)
You now have 200 gold pieces (gained 15).
A leopard gecko comes into view.
You slash the leopard gecko!
You kill the leopard gecko!
Trog accepts your kill.
Saving game... please wait.
Level annotation: Edmund Welcome back, AarnesTheHuman the Minotaur Berserker.
Trog says: Kill them all!
Press ? for a list of commands and other information.
Are you sure you want to abandon this character and quit the game? (Confirm with "yes".)

### #.. #.# ###
#.##+##..
...#############........
................@†......
.#.#.........###........
...#.........# #........
#..#.........# ##.......
.. #.........# ....... #
#............ ....... #
##'########## .......
#.###.####### .......
#...........##


There were no monsters in sight!

Vanquished Creatures
  An ogre (D:5)
  A phantom (D:5)
  Ijyb (D:4)
  3 removed worker ants
  A hound skeleton (D:2)
  10 gnolls
  7 adders
  An endoplasm (D:1)
  An adder skeleton (D:4)
  2 worms
  A dart slug (D:1)
  3 orcs
  A removed leopard gecko (D:5)
  7 bats
  4 giant cockroaches
  4 goblins
  3 hobgoblins
  11 jackals
  13 kobolds
  2 quokkas
  3 ball pythons
  8 frilled lizards
  8 rats
  A removed leopard gecko skeleton (D:5)
97 creatures vanquished.

Vanquished Creatures (others)
  2 plants (D:1)
2 creatures vanquished.

Grand Total: 99 creatures vanquished

Notes
Turn   | Place    | Note
-------+----------+-------------------------------------------
     0 | D:1      | AarnesTheHuman the Minotaur Berserker began the quest for
                  | the Orb.
     0 | D:1      | Reached XP level 1. HP: 19/19 MP: 0/0
   252 | D:1      | Reached XP level 2. HP: 27/27 MP: 1/1
   919 | D:2      | Reached XP level 3. HP: 32/33 MP: 2/2
  1593 | D:2      | Reached XP level 4. HP: 34/40 MP: 3/3
  1857 | D:2      | Found Gozag's Platinum Reserve.
  1858 | D:2      | Found an opulent altar of Gozag.
  2049 | D:2      | Reached ** piety under Trog
  2204 | D:2      | Found a runed translucent door.
  2205 | D:2      | Noticed Crazy Yiuf
  3014 | D:3      | Reached XP level 5. HP: 47/47 MP: 4/4
  3101 | D:3      | Found a blossoming altar of Fedhas.
  3122 | D:3      | Noticed an oklob plant
  4170 | D:4      | Noticed Ijyb
  4179 | D:4      | Killed Ijyb
  4202 | D:4      | Found Zerig's General Store.
  4209 | D:4      | Bought a scroll of remove curse for 33 gold pieces
  4366 | D:4      | Reached skill level 5 in Axes
  4366 | D:4      | Reached skill level 1 in Throwing
  4376 | D:4      | Got a heavily runed glass ring
  4377 | D:4      | Identified the ring of Zerphi {Int+6 Dex+3} (You found it
                  | on level 4 of the Dungeon)
  4665 | D:4      | Reached skill level 5 in Fighting
  4694 | D:4      | Reached *** piety under Trog
  4694 | D:4      | Reached XP level 6. HP: 51/56 MP: 5/5
  5008 | D:5      | Entered Level 5 of the Dungeon
  5008 | D:5      | Noticed Edmund
  5322 | D:5      | Found an iron altar of Okawaru.
  5563 | D:5      | Reached XP level 7. HP: 57/61 MP: 6/6
  5609 | D:5      | Found Aplug's Antique Armour Shoppe.
  5660 | D:5      | Upgraded the game from 0.26-a0-579-g3afe4966bf to
                  | 0.27-a0-1290-g15d3ce7508
  5660 | D:5      | Quit the game

Illustrated notes

Levels and vault maps discovered:
D:1:      heliophobic_arrival_enchanted_forest, layout_basic, serial_forest,
          infiniplex_forest_straight_2, infiniplex_forest_straight_2,
          infiniplex_forest_corner_1, infiniplex_forest_clump_double,
          infiniplex_forest_clump_tiny, infiniplex_forest_lined_3_way,
          infiniplex_forest_zigzag_1, nrook_mini_backslash,
          minmay_misc_feat_pillars
D:2:      layout_loops_corners, nicolae_gozag_zags_fifth_avenue,
          uniq_crazy_yiuf_cottage
D:3:      layout_loops_cross, tgw_fedhas
D:4:      layout_basic, serial_shops, nicolae_shop_stone, minmay_checkerbox,
          uniq_ijyb
D:5:      layout_basic, serial_shops, nicolae_shop_waterfront,
          okawaru_metal_pillars_1_2, uniq_edmund

Skill      XL: |  1  2  3  4  5  6 |
---------------+-------------------+-----
Fighting       | 4 5 |  5.5
Axes           | 4 5 |  5.5
Armour         | 3 4 |  4.8
Dodging        | 3 4 |  4.3
Throwing       | 1 2 |  2.2

Action                   |  1- 3 |  4- 6 |  7- 9 || total
-------------------------+-------+-------+-------++-------
Melee: Hand axe          |    73 |   171 |     1 ||   245
       Headbutt          |     8 |    35 |       ||    43
Throw: Stone             |     1 |     5 |       ||     6
       Boomerang         |       |    13 |       ||    13
       Dart              |       |     1 |       ||     1
Invok: Berserk           |     1 |       |       ||     1
  Use: Scroll            |       |    10 |       ||    10
 Stab: Sleeping          |       |     1 |       ||     1
Armor: Animal skin       |    16 |    12 |       ||    28
       Plate armour      |       |    48 |       ||    48
Dodge: Dodged            |    44 |    73 |       ||   117
Block: Other             |       |    29 |       ||    29

Table legend: (Time is in decaauts)
 A = Elapsed time spent in this place.
 B = Non-inter-level travel time spent in this place.
 C = Inter-level travel time spent in this place.
 D = Time resting spent in this place.
 E = Time spent auto-exploring this place.
 F = Levels seen in this place.
 G = Mean time per level.
                   A        B        C        D        E       F      G
               +--------+--------+--------+--------+--------+-----+--------+
         Total |   5707 |   5241 |    466 |   1234 |   2682 |   5 | 1141.4 |
       Dungeon |   5707 |   5241 |    466 |   1234 |   2682 |   5 | 1141.4 |
               +--------+--------+--------+--------+--------+-----+--------+

Top non-repeatable levels by time:
     D:2: 1647 daAuts
     D:1: 1400 daAuts
     D:4: 1115 daAuts
     D:3: 974 daAuts
     D:5: 570 daAuts
